 Dungeon Crawl Stone Soup version 0.28-a0-1629-gf728b707aa (webtiles) character file.

Game seed: 16496183365969986352

205 Hasart the Skirmisher (level 5, 0/45 HPs)
             Began as a Demigod Fighter on Jan 24, 2022.
             Slain by Sigmund (10 damage)
             ... on level 3 of the Dungeon.
             The game lasted 00:03:24 (2674 turns).

Hasart the Skirmisher (Demigod Fighter)             Turns: 2674, Time: 00:03:25

Health: 0/45       AC:  6    Str: 15    XL:     5   Next: 27%
Magic:  7/7        EV:  9    Int: 10    God:
Gold:   3          SH:  5    Dex: 17    Spells: 4/4 levels left

rFire   . . .      SeeInvis .   a - +0 long sword
rCold   . . .      Faith    .   c - +0 buckler
rNeg    . . .      Spirit   .   b - +0 scale mail
rPois   .          Reflect  .   (no helmet)
rElec   .          Harm     .   (no cloak)
rCorr   .          Rampage  .   (no gloves)
Will    .....                   (no boots)
Stlth   ..........              (no amulet)
HPRegen 0.15/turn               (no ring)
MPRegen 0.10/turn               (no ring)

@: no status effects
A: high mp 1, forlorn, divine attributes, weak 1, wild magic 1
a: no special abilities


You were on level 3 of the Dungeon.
You visited 1 branch of the dungeon, and saw 5 of its levels.

You collected 91 gold pieces.
You spent 88 gold pieces at shops.

Inventory:

Hand Weapons
 a - a +0 long sword (weapon)
Armour
 b - a +0 scale mail (worn)
 c - a +0 buckler (worn)
Scrolls
 g - 3 scrolls of identify {unknown}
 h - 2 scrolls of enchant weapon {unknown}
 i - 3 scrolls of teleportation {unknown}
 j - a scroll of vulnerability {unknown}
 k - a scroll of torment {unknown}
 l - a scroll of immolation {unknown}
Potions
 d - a potion of might
 e - a potion of curing {unknown}
 m - a potion of flight {unknown}
 n - 3 potions of degeneration {unknown}
 o - a potion of heal wounds {unknown}


   Skills:
 + Level 3.3 Fighting
 * Level 3.3 Long Blades
 + Level 3.3 Armour
 + Level 1.7 Dodging
 + Level 3.3 Shields


You had 4 spell levels left.
You didn't know any spells.
Your spell library contained the following spells:

 Spells                   Type           Power      Damage    Failure   Level
 Magic Dart               Conj           0%         1d3       92%         1
 Call Imp                 Summ           0%         N/A       98%         2
 Mephitic Cloud           Conj/Pois/Air  0%         N/A       100%        3


Dungeon Overview and Level Annotations

Branches:
Dungeon (5/15)
 Temple: D:4-7

Shops:
D:1 *

Annotations:
D:3 Jessica, Sigmund


Innate Abilities, Weirdness & Mutations

You have an increased reservoir of magic. (+10% MP)
You shall have no god before yourself.
Your divine heritage dramatically boosts your attributes as you level up.
You are weak. (Str -2)
Your spells are a little harder to cast, but a little more powerful.


Message History

You closely miss Sigmund. The bat hits you.
You block the frilled lizard's attack. The frilled lizard bites you.
The goblin barely misses you. You block the kobold's attack.
The frilled lizard bites you but does no damage.
You closely miss Sigmund. The bat hits you but does no damage.
Sigmund barely misses you. The frilled lizard closely misses you.
The goblin hits you but does no damage.
Jessica mumbles some strange words.
Jessica blinks!
You block the kobold's attack.
The frilled lizard bites you but does no damage.
You barely miss Sigmund. The bat hits you but does no damage.
The goblin hits you but does no damage. The frilled lizard bites you.
* * * LOW HITPOINT WARNING * * *
Sigmund completely misses you. The kobold hits you but does no damage.
You block the frilled lizard's attack. The frilled lizard barely misses you.
Jessica mumbles some strange words.
Jessica blinks!
The goblin hits you but does no damage. You block the kobold's attack.
You barely miss Sigmund. The bat closely misses you. x2
The frilled lizard completely misses you.
You block Sigmund's attack.
The frilled lizard bites you but does no damage.
The goblin closely misses you.
Jessica shouts, "I don't like beings like you!"
The kobold hits you with a +0 whip.
* * * LOW HITPOINT WARNING * * *
The frilled lizard bites you but does no damage.
You hit Sigmund but do no damage. You block the bat's attack.
The bat misses you. You block the goblin's attack.
You block the frilled lizard's attack. The kobold hits you with a +0 whip.
* * * LOW HITPOINT WARNING * * *
Sigmund hits you but does no damage. The bat barely misses you.
The frilled lizard bites you but does no damage.
Unknown command.
You hit Sigmund but do no damage. The bat hits you but does no damage.
The goblin hits you but does no damage.
The frilled lizard completely misses you.
You block the kobold's attack. You block the frilled lizard's attack.
Sigmund hits you with a +0 scythe!
You die...

##### #....
#.... #####
#### #....##
..... #...
+.....#......
#...
#...†.#......
#...
.##...Klb......
#...
......g@l......
......
.####..@...@...
######
#..........
...###
....######..
...... .###. .
.#+#. # .. #.
.# #. #. # #


You could see Sigmund, Jessica, a goblin, a bat, a kobold and 2 frilled lizards.

Vanquished Creatures
  A water moccasin skeleton (D:5)
  A hound (D:5)
  3 gnolls
  4 adders
  3 worms (D:2)
  3 dart slugs (D:2)
  2 ball pythons
  4 bats
  6 endoplasms
  2 giant cockroaches
  2 goblins
  2 hobgoblins
  8 jackals (D:2)
  A kobold (D:2)
  2 quokkas
  A frilled lizard (D:2)
  3 rats
48 creatures vanquished.

Notes
Turn   | Place    | Note
-------+----------+-------------------------------------------
     0 | D:1      | Hasart the Demigod Fighter began the quest for the Orb.
     0 | D:1      | Reached XP level 1. HP: 18/18 MP: 3/3
   606 | D:1      | Found Veuq's General Store.
   764 | D:2      | Reached XP level 2. HP: 25/25 MP: 4/4
   845 | D:2      | Reached XP level 3. HP: 29/30 MP: 5/5
  1321 | D:2      | Reached skill level 1 in Dodging
  1880 | D:2      | Reached XP level 4. HP: 38/38 MP: 6/6
  2339 | D:3      | You fall into a shaft and drop 2 floors!
  2339 | D:5      | Entered Level 5 of the Dungeon
  2364 | D:5      | Reached XP level 5. HP: 24/45 MP: 7/7
  2511 | D:5      | Noticed an ice beast
  2627 | D:1      | Bought a potion of mutation for 88 gold pieces
  2627 | D:1      | Gained mutation: Armour fits poorly on your strangely
                  | shaped body. [potion of mutation]
  2627 | D:1      | Gained mutation: You have hidden genetic potential. [potion
                  | of mutation]
  2628 | D:1      | Lost mutation: You have hidden genetic potential. [potion
                  | of mutation]
  2628 | D:1      | Lost mutation: Armour fits poorly on your strangely shaped
                  | body. [potion of mutation]
  2628 | D:1      | Gained mutation: Your spells are a little harder to cast,
                  | but a little more powerful. [potion of mutation]
  2628 | D:1      | Gained mutation: You are weak. (Str -2) [potion of
                  | mutation]
  2660 | D:3      | Noticed Jessica
  2660 | D:3      | Noticed Sigmund
  2674 | D:3      | Slain by Sigmund

Illustrated notes

Levels and vault maps discovered:
D:1:      minmay_arrival_open_corners, layout_basic,
          ebering_ecumenical_altar_sacrificial, serial_shops, shop_fountains
D:2:      layout_rooms, minmay_misc_feat_square
D:3:      layout_basic, mainiacjoe_overflow_surrounded_room, marbit_many_paths,
          ebering_ghost_reflecting_pool, minivault_26, uniq_jessica,
          uniq_sigmund
D:4:      layout_loops_ring, pf_just_have_faith,
          hangedman_abyss_or_decor_passed, serial_bayou_lake_a
D:5:      layout_loops_ring, gammafunk_temple_overflow_statue,
          chequers_serial_rivers_room_b

Skill      XL: |  1  2  3  4 |
---------------+-------------+-----
Long Blades    | 2 3 |  3.3
Fighting       | 3 |  3.3
Shields        | 3 |  3.3
Dodging        | 1 |  1.7
Armour         | 3 |  3.3

Action                   |  1- 3 |  4- 6 || total
-------------------------+-------+-------++-------
Melee: Long sword        |    98 |    63 ||   161
  Use: Potion            |       |     2 ||     2
Armor: Scale mail        |    47 |    54 ||   101
Dodge: Dodged            |    47 |    54 ||   101
Block: Buckler           |    31 |    32 ||    63

Table legend: (Time is in decaauts)
 A = Elapsed time spent in this place.
 B = Non-inter-level travel time spent in this place.
 C = Inter-level travel time spent in this place.
 D = Time resting spent in this place.
 E = Time spent auto-exploring this place.
 F = Levels seen in this place.
 G = Mean time per level.
                   A        B        C        D        E       F      G
               +--------+--------+--------+--------+--------+-----+--------+
         Total |   2728 |   2634 |     94 |    619 |   1526 |   5 |  545.6 |
       Dungeon |   2728 |   2634 |     94 |    619 |   1526 |   5 |  545.6 |
               +--------+--------+--------+--------+--------+-----+--------+

Top non-repeatable levels by time:
     D:1: 1306 daAuts
     D:2: 1057 daAuts
     D:5: 210 daAuts
     D:3: 148 daAuts
     D:4: 5 daAuts
